| TOP OF THE 1ST |
|
Rocky Mount Leafs batting - Pitching for Kinston Eagles : RHP Erol Akchurin
|
|
Pitching: RHP Erol Akchurin
|
|
|
Batting: LHB Oscar Ramirez
|
0-0: Called Strike 0-1: Ball 1-1: Ball 2-1: Ground out 6-3 (Groundball, 6, EV 85.0 MPH)
|
|
Batting: RHB Alex Sanchez
|
0-0: Called Strike 0-1: Ball 1-1: Ball 2-1: Ball 3-1: Base on Balls
|
|
Batting: LHB Larry Ray
|
0-0: Ball 1-0: Called Strike 1-1: Ball 2-1: Foul Ball, location: 2F 2-2: Strikes out looking
|
|
Batting: RHB Joseph Scherger
|
0-0: SINGLE (Groundball, 4MD, EV 105.6 MPH) Alex Sanchez to second Runner from 2nd tries for 3rd, SAFE, throw by CF made to third
|
|
Batting: RHB Glen Bockhorn
|
0-0: Called Strike 0-1: Called Strike 0-2: Ball 1-2: Fly out, F8 (Flyball, 8RXD, EV 93.1 MPH)
|
| Top of the 1st over - 0 runs, 1 hit, 0 errors, 2 left on base; Rocky Mount 0 - Kinston 0 |
| BOTTOM OF THE 1ST |
|
Kinston Eagles batting - Pitching for Rocky Mount Leafs : RHP Jon Perlman
|
|
Pitching: RHP Jon Perlman
|
|
|
Batting: RHB Francisco Guerra
|
0-0: Ball 1-0: Single, Error in OF, E7, batter to second base (Line Drive, 7S, EV 108.1 MPH)
|
|
Batting: RHB Juan Perez
|
0-0: SINGLE (Flyball, 7S, EV 96.9 MPH) Francisco Guerra to third
|
|
Batting: LHB Eric Peyton
|
0-0: Ball 1-0: Called Strike 1-1: Called Strike 1-2: Foul Ball, location: 2F 1-2: SINGLE (Flyball, 78S, EV 83.8 MPH) Francisco Guerra scores Juan Perez to second
|
|
Batting: RHB Carlos Ponce
|
0-0: Swinging Strike 0-1: Swinging Strike 0-2: Ball 1-2: Ball 2-2: Foul Ball, location: 2F 2-2: SINGLE (Line Drive, 8LS, EV 89.4 MPH) Juan Perez to third Eric Peyton to second
|
|
Batting: RHB Tony Incaviglia
|
0-0: Swinging Strike 0-1: Ball 1-1: Foul Ball, location: 2F 1-2: Strikes out swinging
|
|
Batting: RHB Alfredo Aceves
|
0-0: Ball 1-0: Swinging Strike 1-1: Fly out, F7 (Flyball, 7LS, EV 84.4 MPH)
|
|
Batting: RHB Juan Orona
|
0-0: Ground out U3 (Groundball, 3, EV 90.0 MPH)
|
| Bottom of the 1st over - 1 run, 4 hits, 1 error, 3 left on base; Rocky Mount 0 - Kinston 1 |
| TOP OF THE 2ND |
|
Rocky Mount Leafs batting - Pitching for Kinston Eagles : RHP Erol Akchurin
|
|
Batting: RHB Sergio Loya
|
0-0: Ball 1-0: Foul Ball, location: 2F 1-1: Ball 2-1: Foul Ball, location: 2F 2-2: Ball 3-2: Foul Ball, location: 2F 3-2: Foul Ball, location: 2F 3-2: Foul Ball, location: 2F 3-2: SINGLE (Groundball, 4D, EV 96.9 MPH)
|
|
Batting: RHB Ricardo Villasenor
|
0-0: Ball 1-0: Fly out, F9 (Line Drive, 9D, EV 101.9 MPH)
|
|
Batting: RHB Todd Cruz
|
0-0: Called Strike 0-1: Foul Ball, location: 2F 0-2: Hit by Pitch Sergio Loya to second
|
|
Batting: RHB Emmanuel Sanchez
|
0-0: Swinging Strike 0-1: Ball 1-1: Ball 2-1: Ball 3-1: Foul Ball, location: 2F 3-2: Foul Ball, location: 2F 3-2: Fly out, F8 (Flyball, 8LS, EV 81.3 MPH)
|
|
Batting: LHB Oscar Ramirez
|
0-0: Ball 1-0: Ball 2-0: Ball 3-0: Base on Balls Sergio Loya to third Todd Cruz to second
|
|
Batting: RHB Alex Sanchez
|
0-0: Called Strike 0-1: Ball 1-1: Foul Ball, location: 2F 1-2: Ball 2-2: Fielders Choice at 2nd, 6-4 (Groundball, 6, EV 88.8 MPH)
|
| Top of the 2nd over - 0 runs, 1 hit, 0 errors, 3 left on base; Rocky Mount 0 - Kinston 1 |
| BOTTOM OF THE 2ND |
|
Kinston Eagles batting - Pitching for Rocky Mount Leafs : RHP Jon Perlman
|
|
Batting: LHB Randall Curtis
|
0-0: Ball 1-0: Ball 2-0: Called Strike 2-1: Fly out, F4 (Flyball, 34D, EV 81.9 MPH)
|
|
Batting: RHB Jose Valdez
|
0-0: Ball 1-0: Ball 2-0: SINGLE (Line Drive, 89M, EV 103.8 MPH)
|
|
Batting: RHB Francisco Guerra
|
0-0: Ball 1-0: Ball 2-0: Foul Ball, location: 2F 2-1: Foul Ball, location: 2F 2-2: Fly out, F8 (Line Drive, 8RD, EV 93.8 MPH)
|
|
Batting: RHB Juan Perez
|
0-0: Called Strike 0-1: Ball 1-1: Fly out, F8 (Line Drive, 8RD, EV 101.3 MPH)
|
| Bottom of the 2nd over - 0 runs, 1 hit, 0 errors, 1 left on base; Rocky Mount 0 - Kinston 1 |
| TOP OF THE 3RD |
|
Rocky Mount Leafs batting - Pitching for Kinston Eagles : RHP Erol Akchurin
|
|
Batting: LHB Larry Ray
|
0-0: Called Strike 0-1: Ball 1-1: Ball 2-1: Foul Ball, location: 2F 2-2: Ball 3-2: Base on Balls
|
|
Batting: RHB Joseph Scherger
|
0-0: Fly out, F8 (Flyball, 8RXD, EV 95.0 MPH)
|
|
Batting: RHB Glen Bockhorn
|
0-0: Called Strike 0-1: Ball Wild Pitch! Larry Ray to second 1-1: Ball 2-1: Ball 3-1: Base on Balls
|
|
Batting: RHB Sergio Loya
|
0-0: Swinging Strike 0-1: Called Strike 0-2: Ball 1-2: Strikes out swinging
|
|
Batting: RHB Ricardo Villasenor
|
0-0: Ground out U3 (Groundball, 34, EV 101.9 MPH)
|
| Top of the 3rd over - 0 runs, 0 hits, 0 errors, 2 left on base; Rocky Mount 0 - Kinston 1 |
| BOTTOM OF THE 3RD |
|
Kinston Eagles batting - Pitching for Rocky Mount Leafs : RHP Jon Perlman
|
|
Batting: LHB Eric Peyton
|
0-0: Ball 1-0: Swinging Strike 1-1: Ball 2-1: Foul Ball, location: 2F 2-2: Strikes out swinging
|
|
Batting: RHB Carlos Ponce
|
0-0: Ball 1-0: DOUBLE (Line Drive, 7LS, EV 115.6 MPH)
|
|
Batting: RHB Tony Incaviglia
|
0-0: Ball 1-0: SINGLE (Line Drive, 34D, EV 98.1 MPH) Carlos Ponce to third
|
|
Batting: RHB Alfredo Aceves
|
0-0: Swinging Strike 0-1: SINGLE (Line Drive, 78M, EV 105.0 MPH) Carlos Ponce scores Tony Incaviglia to second
|
|
Batting: RHB Juan Orona
|
0-0: Called Strike 0-1: Called Strike 0-2: Fly out, F8 (Line Drive, 8LM, EV 102.5 MPH)
|
|
Batting: LHB Randall Curtis
|
0-0: SINGLE (Line Drive, 89S, EV 113.1 MPH) Tony Incaviglia to third Alfredo Aceves to second Runner from 3rd tries for Home, SAFE, throw by CF to home
|
|
Batting: RHB Jose Valdez
|
0-0: Ball 1-0: Called Strike 1-1: Foul Ball, location: 2F 1-2: Strikes out swinging
|
| Bottom of the 3rd over - 2 runs, 4 hits, 0 errors, 2 left on base; Rocky Mount 0 - Kinston 3 |
| TOP OF THE 4TH |
|
Rocky Mount Leafs batting - Pitching for Kinston Eagles : RHP Erol Akchurin
|
|
Batting: RHB Todd Cruz
|
0-0: Ball 1-0: Foul Ball, location: 2F 1-1: Ball 2-1: Ground out 4-3 (Groundball, 34D, EV 76.9 MPH)
|
|
Batting: RHB Emmanuel Sanchez
|
0-0: Called Strike 0-1: Swinging Strike 0-2: Ball 1-2: Ball 2-2: Ground out 4-3 (Groundball, 4, EV 81.9 MPH)
|
|
Batting: LHB Oscar Ramirez
|
0-0: Foul Ball, location: 2F 0-1: Foul Ball, location: 2F 0-2: Foul Ball, location: 2F 0-2: TRIPLE (Line Drive, 8LXD, EV 113.1 MPH)
|
|
Batting: RHB Alex Sanchez
|
0-0: Ball 1-0: Called Strike 1-1: Foul Ball, location: 2F 1-2: Fly out, F7 (Flyball, 78S, EV 94.4 MPH)
|
| Top of the 4th over - 0 runs, 1 hit, 0 errors, 1 left on base; Rocky Mount 0 - Kinston 3 |
| BOTTOM OF THE 4TH |
|
Kinston Eagles batting - Pitching for Rocky Mount Leafs : RHP Jon Perlman
|
|
Batting: RHB Francisco Guerra
|
0-0: Ball 1-0: Ball 2-0: Ball 3-0: Swinging Strike 3-1: Called Strike 3-2: Foul Ball, location: 2F 3-2: Base on Balls
|
|
Batting: RHB Juan Perez
|
0-0: Fielders Choice at 2nd, 6-4 (Groundball, 6, EV 83.8 MPH)
|
|
Batting: LHB Eric Peyton
|
0-0: Fielders Choice at 2nd, 4-6 (Groundball, 34, EV 85.6 MPH)
|
|
Batting: RHB Carlos Ponce
|
0-0: Called Strike 0-1: Ball Wild Pitch! Eric Peyton to second 1-1: Fly out, F8 (Line Drive, 8RM, EV 91.9 MPH)
|
| Bottom of the 4th over - 0 runs, 0 hits, 0 errors, 1 left on base; Rocky Mount 0 - Kinston 3 |
| TOP OF THE 5TH |
|
Rocky Mount Leafs batting - Pitching for Kinston Eagles : RHP Erol Akchurin
|
|
Batting: LHB Larry Ray
|
0-0: Ground out 4-3 (Groundball, 34, EV 85.0 MPH)
|
|
Batting: RHB Joseph Scherger
|
0-0: Called Strike 0-1: Ball 1-1: Swinging Strike 1-2: Ball 2-2: Ball 3-2: Ground out 4-3 (Groundball, 34, EV 107.5 MPH)
|
|
Batting: RHB Glen Bockhorn
|
0-0: Ball 1-0: Foul Ball, location: 2F 1-1: Called Strike 1-2: Ball 2-2: Strikes out swinging
|
| Top of the 5th over - 0 runs, 0 hits, 0 errors, 0 left on base; Rocky Mount 0 - Kinston 3 |
| BOTTOM OF THE 5TH |
|
Kinston Eagles batting - Pitching for Rocky Mount Leafs : RHP Jon Perlman
|
|
Batting: RHB Tony Incaviglia
|
0-0: Ball 1-0: Called Strike 1-1: Ball 2-1: Fly out, F7 (Flyball, 7LM, EV 88.8 MPH)
|
|
Batting: RHB Alfredo Aceves
|
0-0: Called Strike 0-1: Ball 1-1: Swinging Strike 1-2: Foul Ball, location: 2F 1-2: Foul Ball, location: 2F 1-2: Foul Ball, location: 2F 1-2: Ground out 6-3 (Groundball, 56, EV 88.8 MPH)
|
|
Batting: RHB Juan Orona
|
0-0: Ball 1-0: Called Strike 1-1: Fly out, F7 (Flyball, 7LS, EV 88.1 MPH)
|
| Bottom of the 5th over - 0 runs, 0 hits, 0 errors, 0 left on base; Rocky Mount 0 - Kinston 3 |
| TOP OF THE 6TH |
|
Rocky Mount Leafs batting - Pitching for Kinston Eagles : RHP Erol Akchurin
|
|
Batting: RHB Sergio Loya
|
0-0: Swinging Strike 0-1: Called Strike 0-2: Ground out 6-3 (Groundball, 6, EV 98.1 MPH)
|
|
Batting: RHB Ricardo Villasenor
|
0-0: Ball 1-0: Called Strike 1-1: Fly out, F4 (Popup, 4M, EV 51.9 MPH)
|
|
Batting: RHB Todd Cruz
|
0-0: Ball 1-0: Fly out, F7 (Flyball, 7LS, EV 82.5 MPH)
|
| Top of the 6th over - 0 runs, 0 hits, 0 errors, 0 left on base; Rocky Mount 0 - Kinston 3 |
| BOTTOM OF THE 6TH |
|
Kinston Eagles batting - Pitching for Rocky Mount Leafs : RHP Jon Perlman
|
|
Batting: LHB Randall Curtis
|
0-0: Ball 1-0: Fly out, F9 (Flyball, 9LM, EV 82.5 MPH)
|
|
Batting: RHB Jose Valdez
|
0-0: Called Strike 0-1: Foul Ball, location: 2F 0-2: Ball 1-2: Ground out 6-3 (Groundball, 6, EV 83.8 MPH)
|
|
Batting: RHB Francisco Guerra
|
0-0: Swinging Strike 0-1: Called Strike 0-2: Ball 1-2: Ball 2-2: Ground out 5-3 (Groundball, 56, EV 81.9 MPH)
|
| Bottom of the 6th over - 0 runs, 0 hits, 0 errors, 0 left on base; Rocky Mount 0 - Kinston 3 |
| TOP OF THE 7TH |
|
Rocky Mount Leafs batting - Pitching for Kinston Eagles : RHP Erol Akchurin
|
|
Batting: RHB Emmanuel Sanchez
|
0-0: Called Strike 0-1: Foul Ball, location: 2F 0-2: Ball 1-2: Foul Ball, location: 2F 1-2: Ball 2-2: SINGLE (Groundball, 6MS, EV 71.3 MPH) (infield hit)
|
|
Batting: LHB Oscar Ramirez
|
0-0: Ball 1-0: Sac Bunt to 5S - play at first, batter OUT! 5-4 Emmanuel Sanchez to second
|
|
Batting: RHB Alex Sanchez
|
0-0: Ball 1-0: Ball 2-0: Ground out 6-3 (Groundball, 6, EV 101.3 MPH)
|
|
Batting: LHB Larry Ray
|
0-0: Ball 1-0: Called Strike 1-1: Swinging Strike 1-2: Strikes out swinging
|
| Top of the 7th over - 0 runs, 1 hit, 0 errors, 1 left on base; Rocky Mount 0 - Kinston 3 |
| BOTTOM OF THE 7TH |
|
Kinston Eagles batting - Pitching for Rocky Mount Leafs : RHP Jon Perlman
|
|
Batting: RHB Juan Perez
|
0-0: Foul Ball, location: 2F 0-1: Swinging Strike 0-2: Ball 1-2: Ball 2-2: Ball 3-2: Fly out, F9 (Flyball, 9S, EV 88.8 MPH)
|
|
Batting: LHB Eric Peyton
|
0-0: Ground out 6-3 (Groundball, 6, EV 100.0 MPH)
|
|
Batting: RHB Carlos Ponce
|
0-0: Ball 1-0: Swinging Strike 1-1: Called Strike 1-2: Ball 2-2: Fly out, F7 (Flyball, 7LD, EV 88.8 MPH)
|
| Bottom of the 7th over - 0 runs, 0 hits, 0 errors, 0 left on base; Rocky Mount 0 - Kinston 3 |
| TOP OF THE 8TH |
|
Rocky Mount Leafs batting - Pitching for Kinston Eagles : RHP Erol Akchurin
|
|
Batting: RHB Joseph Scherger
|
0-0: Swinging Strike 0-1: SOLO HOME RUN (Flyball, 89XD, EV 93.8 MPH), Distance : 411 ft
|
|
Batting: RHB Glen Bockhorn
|
0-0: Foul Ball, location: 2F 0-1: Ball 1-1: Ball 2-1: Called Strike 2-2: Ball 3-2: Foul Ball, location: 2F 3-2: Fly out, F9 (Flyball, 9, EV 90.0 MPH)
|
|
Pitching: RHP Michael Allman
|
|
|
Batting: RHB Sergio Loya
|
0-0: Ball 1-0: SINGLE (Line Drive, 9LS, EV 105.6 MPH)
|
|
Batting: RHB Ricardo Villasenor
|
0-0: Ball 1-0: Ball 2-0: Ball 3-0: Called Strike 3-1: Base on Balls Sergio Loya to second
|
|
Pinch Hitting: RHB James Camacho
|
0-0: SINGLE (Flyball, 78S, EV 93.8 MPH) Sergio Loya to third Ricardo Villasenor to second Runner from 3rd tries for Home, SAFE, throw by LF to home
|
|
Batting: RHB Emmanuel Sanchez
|
0-0: Ball 1-0: Ball 2-0: Ball 3-0: Called Strike 3-1: Fly out, F8 (Line Drive, 8RD, EV 100.6 MPH)
|
|
Batting: LHB Oscar Ramirez
|
0-0: Foul Ball, location: 2F 0-1: Ball 1-1: Ball 2-1: SINGLE (Line Drive, 89S, EV 96.3 MPH) Ricardo Villasenor to third James Camacho to second Runner from 3rd tries for Home, throw by RF and OUT! 9-2
|
| Top of the 8th over - 2 runs, 4 hits, 0 errors, 2 left on base; Rocky Mount 2 - Kinston 3 |
| BOTTOM OF THE 8TH |
|
Kinston Eagles batting - Pitching for Rocky Mount Leafs : RHP Jon Perlman
|
|
Now at 2B: James Camacho
|
|
|
Batting: RHB Tony Incaviglia
|
0-0: Called Strike 0-1: Ground out 6-3 (Groundball, 6, EV 106.3 MPH)
|
|
Batting: RHB Alfredo Aceves
|
0-0: Ground out 6-3 (Groundball, 6, EV 85.0 MPH)
|
|
Batting: RHB Juan Orona
|
0-0: Called Strike 0-1: Swinging Strike 0-2: Fly out, F9 (Flyball, 89M, EV 85.6 MPH)
|
| Bottom of the 8th over - 0 runs, 0 hits, 0 errors, 0 left on base; Rocky Mount 2 - Kinston 3 |
| TOP OF THE 9TH |
|
Rocky Mount Leafs batting - Pitching for Kinston Eagles : RHP Michael Allman
|
|
Pitching: RHP Tommy Alexander
|
|
|
Now at 1B: Guadalupe Garcia
|
|
|
Now at 2B: Thomas Norko
|
|
|
Now in RF: Gregory Burtt
|
|
|
Batting: RHB Alex Sanchez
|
0-0: Ball 1-0: Foul Ball, location: 2F 1-1: Ball 2-1: Called Strike 2-2: SINGLE (Line Drive, 78D, EV 103.1 MPH)
|
|
Batting: LHB Larry Ray
|
0-0: Ball 1-0: Ball 2-0: Ball 3-0: Base on Balls Alex Sanchez to second
|
|
Batting: RHB Joseph Scherger
|
0-0: Ball 1-0: Ball 2-0: SINGLE (Line Drive, 4MD, EV 95.6 MPH) Alex Sanchez to third Larry Ray to second
|
|
Batting: RHB Glen Bockhorn
|
0-0: Ball Wild Pitch! Alex Sanchez scores Larry Ray to third Joseph Scherger to second 1-0: Intentional Walk
|
|
Batting: RHB Sergio Loya
|
0-0: Called Strike 0-1: Foul Ball, location: 2F 0-2: Ball 1-2: Fly out, F9 (Flyball, 9S, EV 73.1 MPH)
|
|
Batting: RHB Ricardo Villasenor
|
0-0: Called Strike 0-1: Swinging Strike 0-2: Foul Ball, location: 2F 0-2: Foul Ball, location: 2F 0-2: Fly out, F8 (Flyball, 8RS, EV 79.4 MPH)
|
|
Batting: RHB James Camacho
|
0-0: Called Strike 0-1: Foul Ball, location: 2F 0-2: Fly out, F5 (Popup, 5SF, EV 80.6 MPH)
|
| Top of the 9th over - 1 run, 2 hits, 0 errors, 3 left on base; Rocky Mount 3 - Kinston 3 |
| BOTTOM OF THE 9TH |
|
Kinston Eagles batting - Pitching for Rocky Mount Leafs : RHP Jon Perlman
|
|
Batting: LHB Randall Curtis
|
0-0: Ball 1-0: Swinging Strike 1-1: Foul Ball, location: 2F 1-2: Foul Ball, location: 2F 1-2: Foul Ball, location: 2F 1-2: Ground out U3 (Groundball, 34, EV 79.4 MPH)
|
|
Pinch Hitting: RHB Butch Davis
|
0-0: Fly out, F7 (Flyball, 7S, EV 83.1 MPH)
|
|
Pinch Hitting: LHB Jeffrey Wilson
|
0-0: Ball 1-0: Foul Ball, location: 2F 1-1: Called Strike 1-2: Ball 2-2: Ball 3-2: Foul Ball, location: 2F 3-2: Foul Ball, location: 2F 3-2: Foul Ball, location: 2F 3-2: Base on Balls
|
|
Batting: RHB Juan Perez
|
0-0: Fielders Choice at 2nd, 6-4 (Groundball, 6, EV 90.6 MPH)
|
| Bottom of the 9th over - 0 runs, 0 hits, 0 errors, 1 left on base; Rocky Mount 3 - Kinston 3 |
| TOP OF THE 10TH |
|
Rocky Mount Leafs batting - Pitching for Kinston Eagles : RHP Tommy Alexander
|
|
Pitching: RHP Andrew Adams
|
|
|
Now at 1B: Elias Corona
|
|
|
Now in CF: Butch Davis
|
|
|
Pinch Hitting: RHB Tom Lawless
|
0-0: Foul Ball, location: 2F 0-1: Ball 1-1: Fly out, F7 (Line Drive, 7, EV 100.6 MPH)
|
|
Batting: LHB Oscar Ramirez
|
0-0: Called Strike 0-1: Called Strike 0-2: Strikes out swinging
|
|
Batting: RHB Alex Sanchez
|
0-0: Foul Ball, location: 2F 0-1: Swinging Strike 0-2: Fly out, F8 (Flyball, 8LD, EV 104.4 MPH)
|
| Top of the 10th over - 0 runs, 0 hits, 0 errors, 0 left on base; Rocky Mount 3 - Kinston 3 |
| BOTTOM OF THE 10TH |
|
Kinston Eagles batting - Pitching for Rocky Mount Leafs : RHP Jon Perlman
|
|
Pitching: RHP Edgar Cruz
|
|
|
Now at C: Blane McDonald
|
|
|
Batting: RHB Thomas Norko
|
0-0: Ball 1-0: Swinging Strike 1-1: Ball 2-1: Called Strike 2-2: Ball 3-2: SINGLE (Groundball, 5S, EV 66.3 MPH) (infield hit)
|
|
Batting: LHB Gregory Burtt
|
0-0: Called Strike 0-1: Ball 1-1: Called Strike 1-2: Ball 2-2: Grounds into double play, 4-6-3 (Groundball, 4, EV 83.1 MPH)
|
|
Batting: RHB Tony Incaviglia
|
0-0: Ball 1-0: Swinging Strike 1-1: Ball 2-1: Ball 3-1: Base on Balls
|
|
Batting: RHB Alfredo Aceves
|
0-0: Foul Ball, location: 2F 0-1: Ball 1-1: Called Strike 1-2: DOUBLE (Flyball, 78D, EV 108.1 MPH) Tony Incaviglia to third Runner from 3rd tries for Home, SAFE, no throw by LF
|
| Bottom of the 10th over - 1 run, 2 hits, 0 errors, 0 left on base; Rocky Mount 3 - Kinston 4 |
|